 Dungeon Crawl Stone Soup version 0.30-a0-808-g6e0788376e (webtiles) character file.

Game seed: 7361805376908620323

45 cforsyth the Sneak (level 3, 0/22 HPs)
             Began as a Kobold Brigand on Feb 26, 2023.
             Slain by an orc
             ... wielding a +0 whip
              (5 damage)
             ... on level 2 of the Dungeon.
             The game lasted 00:01:15 (1490 turns).

cforsyth the Sneak (Kobold Brigand)                 Turns: 1490, Time: 00:01:16

Health: 0/22       AC:  3    Str: 14    XL:     3   Next: 90%
Magic:  3/3        EV: 15    Int: 12    God:
Gold:   46         SH:  0    Dex: 18    Spells: 2/2 levels left

rFire   . . .      SeeInvis .    a - +2 dagger
rCold   . . .      Faith    .    (no shield)
rNeg    . . .      Spirit   .    b - +0 robe
rPois   .          Reflect  .    (no helmet)
rElec   .          Harm     .    c - +0 cloak
rCorr   .          Rampage  .    (no gloves)
Will    +....                    (no boots)
Stlth   ++++                     (no amulet)
HPRegen 0.23/turn                f - +6 ring of strength
MPRegen 0.08/turn                g - ring of willpower

@: no status effects
A: small, no large weapons, nightstalker 3
a: no special abilities


You were on level 2 of the Dungeon.
You visited 1 branch of the dungeon, and saw 2 of its levels.

You collected 46 gold pieces.

Inventory:

Hand Weapons
 a - a +2 dagger (weapon)
Missiles
 d - 9 poisoned darts (quivered)
 e - 8 curare-tipped darts
 j - 6 atropa-tipped darts
Armour
 b - a +0 robe (worn)
 c - a +0 cloak (worn)
Jewellery
 f - a +6 ring of strength (left hand)
 g - a ring of willpower (right hand)
Wands
 l - a wand of paralysis (7)
Scrolls
 h - a scroll of teleportation {unknown}
 i - a scroll of blinking {unknown}
 k - 2 scrolls of identify {unknown}
 m - a scroll of butterflies {unknown}
Potions
 n - a potion of attraction {unknown}
 o - a potion of mutation {unknown}


   Skills:
 + Level 2.9 Fighting
 + Level 3.4 Short Blades
 - Level 2.1 Throwing
 + Level 2.2 Dodging
 + Level 5.8 Stealth


You had 2 spell levels left.
You didn't know any spells.
Your spell library was empty.

Dungeon Overview and Level Annotations

Branches:
Dungeon (2/15)

Altars:

Annotations:
D:2 1 runed translucent door, Crazy Yiuf


Innate Abilities, Weirdness & Mutations

You are small and have problems with some larger weapons.
You are completely attuned to the shadows.


Message History

You hit the jackal but do no damage. The jackal misses you.
The orc hits you with a +0 whip. The giant cockroach bites you.
You hit the jackal.
The jackal is heavily wounded.
The jackal misses you. The orc hits you with a +0 whip.
The giant cockroach bites you but does no damage.
You hit the jackal.
You kill the jackal!
The orc completely misses you. The giant cockroach closely misses you.
You hit the giant cockroach but do no damage.
The giant cockroach closely misses you. The orc barely misses you.
You hit the giant cockroach.
The giant cockroach is severely wounded.
The giant cockroach barely misses you.
You hit the giant cockroach but do no damage.
The giant cockroach is severely wounded.
The orc hits you with a +0 whip. The giant cockroach misses you.
You are too injured to fight recklessly!
You are too injured to fight recklessly!
You are too injured to fight recklessly!
You are too injured to fight recklessly!
You are too injured to fight recklessly!
You are too injured to fight recklessly!
You are too injured to fight recklessly!
You are too injured to fight recklessly!
The orc misses you. The orc attacks as you move away!
The orc hits you with a +0 whip.
* * * LOW HITPOINT WARNING * * *
You see here a jackal corpse.
You barely miss the orc. The orc completely misses you.
You closely miss the orc. The orc barely misses you.
You hit the orc but do no damage. The orc closely misses you.
You barely miss the orc. You hit the orc.
The orc is moderately wounded.
The orc barely misses you.
You closely miss the orc.
The orc is moderately wounded.
The orc hits you with a +0 whip.
You die...

#.......#.#
#.......#.#
#.......#.#
.g)#
###...###.#
...#
#.......#
...
##.######
#+# ###.###
♣.♣
[......###
.♣♣
##......@#
.♣
#.#...#o##
♣♣
....$..B.#
.♣♣
......†....
..♣♣
...$...###
...♣
...#.##
...# .....#
...###
.....#


You could see an orc and a giant cockroach.

Vanquished Creatures
  2 dart slugs
  5 ball pythons
  6 bats
  3 giant cockroaches
  4 hobgoblins (D:1)
  4 jackals (D:2)
  4 kobolds
  2 quokkas
  3 frilled lizards (D:1)
  2 goblins (D:1)
  2 rats (D:1)
37 creatures vanquished.

Notes
Turn   | Place    | Note
-------+----------+-------------------------------------------
     0 | D:1      | cforsyth the Kobold Brigand began the quest for the Orb.
     0 | D:1      | Reached XP level 1. HP: 12/12 MP: 1/1
   134 | D:1      | Reached XP level 2. HP: 18/18 MP: 2/2
   439 | D:1      | Reached XP level 3. HP: 20/22 MP: 3/3
  1034 | D:1      | Found a faded altar of an unknown god.
  1303 | D:2      | Found a runed translucent door.
  1306 | D:2      | Noticed Crazy Yiuf
  1490 | D:2      | Slain by an orc

Illustrated notes

Levels and vault maps discovered:
D:1:      dpeg_arrival_water_temple_mockup, layout_basic,
          chequers_ecumenical_altar_lobes, minmay_quantized
D:2:      layout_loops_cross, uniq_crazy_yiuf_cottage

Skill      XL: |  1  2  3 |
---------------+----------+-----
Short Blades   | 3 |  3.4
Dodging        | 2 |  2.2
Fighting       | |  2.9
Throwing       | |  2.1
Stealth        | |  5.8

Action                     || total
---------------------------++-------
  Melee: Dagger            ||    81
   Stab: Sleeping          ||    24
 Armour: Robe              ||    10
  Dodge: Dodged            ||    51

Table legend: (Time is in decaauts)
 A = Elapsed time spent in this place.
 B = Non-inter-level travel time spent in this place.
 C = Inter-level travel time spent in this place.
 D = Time resting spent in this place.
 E = Time spent auto-exploring this place.
 F = Levels seen in this place.
 G = Mean time per level.
                   A        B        C        D        E       F      G
               +--------+--------+--------+--------+--------+-----+--------+
         Total |   1476 |   1435 |     41 |      0 |   1223 |   2 |  738.0 |
       Dungeon |   1476 |   1435 |     41 |      0 |   1223 |   2 |  738.0 |
               +--------+--------+--------+--------+--------+-----+--------+

Top non-repeatable levels by time:
     D:1: 1157 daAuts
     D:2: 318 daAuts
